[Event "Memorial Ukrainian Chess Warriors 2024"]
[Site "Lviv"]
[Date "2024.03.15"]
[Round "5.13"]
[White "Nedilko, Vasily"]
[Black "Frankiv, Oleksandr"]
[Result "1/2-1/2"]
[ECO "D07"]
[WhiteElo "2324"]
[BlackElo "1788"]
[Annotator "TA"]
[PlyCount "224"]
[EventDate "2024.03.06"]
[EventType "swiss"]
[EventCountry "UKR"]
[SourceTitle "playchess.com"]
[Source "ChessBase"]
[SourceQuality "1"]
[TimeControl "600+5"]

1. d4 d5 2. c4 Nc6 3. cxd5 Qxd5 4. e3 e5 5. Nc3 Bb4 6. a3 Bxc3+ 7. bxc3 exd4 {[%emt 0:00:36] D07: Damengambit (Tschigorin-Verteidigung).} 8. cxd4 Nf6 9. Nf3 O-O 10. Be2 Bg4 11. O-O Rad8 $146 ({Predecessor:} 11... Ne4 12. Qc2 Rad8 13. h3 Bh5 14. Bc4 Qf5 15. Bd3 Bxf3 16. gxf3 Qg5+ 17. Kh2 Nf6 {½-½ Matyukov,P (2315)-McConnell,G (1998) Titled Tuesday intern op 14th Jun Early blitz 2022 (9)}) 12. Bb2 Rfe8 13. Rc1 Ne4 14. Qa4 Nd2 15. Nxd2 Bxe2 16. Rfe1 Bb5 17. Qb3 Qxb3 18. Nxb3 b6 19. Nd2 Rd7 20. Nf3 f6 21. Rc3 Na5 22. Rec1 Rc8 23. h4 Nb7 24. e4 c5 25. d5 Nd6 26. e5 fxe5 27. Nxe5 Re7 28. Rg3 Ne4 29. Re3 Nf6 30. d6 Re6 31. Rd1 Rd8 32. d7 Nxd7 33. Nxd7 Rxd7 34. Rxe6 Rxd1+ 35. Kh2 Kf7 36. Re3 Rd3 37. Re5 g6 38. h5 Rd2 39. hxg6+ hxg6 40. Bc1 Rxf2 41. Kg3 Rf5 42. Re1 Rf1 43. Rxf1+ Bxf1 44. Kf2 Bd3 45. Ke3 Bf5 46. Kd2 Ke6 47. Kc3 Kd5 48. Bf4 b5 49. Bc7 a6 50. g3 Ke4 51. Bb6 {[%emt 0:00:07] [#]} c4 ({Günstiger ist} 51... Kf3 $1 $19 52. Bxc5 Kxg3 53. Bd6+ Kf3) 52. a4 $17 Kf3 ({Doch nicht} 52... bxa4 $6 53. Kxc4 Kf3 54. Bc7 $11) 53. Bc7 Bd7 ({Natürlich nicht} 53... bxa4 $6 54. Kxc4 Bc2 (54... a5 55. Bd6 $11) 55. Kb4 $11) 54. axb5 axb5 55. Kb4 Ke4 56. Kc3 Kd5 57. Bd8 Kc5 58. Be7+ Kb6 59. Bf8 Ka5 60. Be7 Kb6 61. Bf8 $1 Kc6 62. Kd4 Bf5 63. Bb4 Kd7 (63... Be6 $17 64. Bc3 Kb6) 64. Kc3 (64. Kc5 $11) 64... Ke6 $17 65. Kd4 Bd3 66. Ba3 Kf5 67. Kc3 Ke5 68. Bf8 g5 ({Vorzuziehen ist} 68... Be4 $17) 69. Bg7+ $15 Ke4 70. Bf8 Kf3 71. Bd6 Kf2 72. Kb4 Be2 73. Kc3 Ke3 74. Be7 g4 75. Bd6 Ke4 76. Bf8 Kd5 77. Be7 Ke5 78. Bf8 Ke4 79. Be7 Kf3 80. Bd6 Bd1 81. Kb4 $1 Ba4 82. Kc3 Bb3 83. Kb4 Bd1 84. Kc3 Be2 85. Kb4 Bd3 86. Kc3 Bg6 87. Kb4 Be8 88. Kc3 Bc6 89. Kb4 Ke4 90. Kc3 $1 Ke3 91. Be7 Kf3 92. Bd6 Ke2 93. Be7 Be4 94. Bd6 Kf3 95. Kb4 Bb7 96. Kc3 Ke4 97. Bf8 $1 Kd5 98. Be7 Bc8 99. Bf8 Bf5 100. Be7 Ke4 101. Bf8 Bd7 102. Be7 Ke3 103. Bf8 Ke2 104. Be7 Bf5 105. Bf8 Bd3 106. Bd6 Kf3 107. Kb4 Ke3 108. Kc3 $1 Be4 109. Be7 Bd5 110. Bc5+ Kf3 111. Bd6 Kf2 112. Kb4 Kf3 (112... Ke3 $15) 1/2-1/2

[Event "Memorial Ukrainian Chess Warriors 2024"]
[Site "Lviv"]
[Date "2024.03.15"]
[Round "5.14"]
[White "Ivanov, Taras"]
[Black "Dovgaliuk, Oleksandr"]
[Result "1-0"]
[ECO "A04"]
[WhiteElo "1831"]
[BlackElo "1936"]
[Annotator "RC"]
[PlyCount "71"]
[EventDate "2024.03.06"]
[EventType "swiss"]
[EventCountry "UKR"]
[SourceTitle "playchess.com"]
[Source "ChessBase"]
[SourceQuality "1"]
[TimeControl "600+5"]

1. Nf3 e6 2. b3 Be7 3. Bb2 Bf6 4. d4 d5 5. e3 Ne7 6. Nbd2 c5 7. Bd3 Nbc6 8. O-O Ng6 9. Qe2 cxd4 10. Bxg6 hxg6 11. exd4 Bd7 12. a4 Qc7 13. h3 Be7 14. Rac1 Qf4 15. Qe3 Qxe3 16. fxe3 f5 17. c4 g5 18. Ne1 Nb4 19. Bc3 Na2 20. Rc2 Nxc3 21. Rxc3 Bb4 22. Rc2 Bxd2 23. Rxd2 dxc4 24. bxc4 Bxa4 25. Nf3 Rh5 26. d5 g4 27. hxg4 fxg4 28. Nd4 exd5 29. Ne6 Ke7 30. Nxg7 Re5 31. cxd5 Rf8 32. d6+ Kd7 33. Rxf8 Rxe3 34. Rf7+ Kc6 35. d7 g3 36. d8=Q 1-0

[Event "Memorial Ukrainian Chess Warriors 2024"]
[Site "Lviv"]
[Date "2024.03.15"]
[Round "5.15"]
[White "Piddubna, Bozhena"]
[Black "Nakonechnyi, Oleksii"]
[Result "1/2-1/2"]
[ECO "E16"]
[WhiteElo "2132"]
[BlackElo "1756"]
[Annotator "RC"]
[PlyCount "75"]
[EventDate "2024.03.06"]
[EventType "swiss"]
[EventCountry "UKR"]
[SourceTitle "playchess.com"]
[Source "ChessBase"]
[SourceQuality "1"]
[TimeControl "600+5"]

1. d4 Nf6 2. c4 e6 3. Nf3 b6 4. g3 Bb7 5. Bg2 Bb4+ 6. Bd2 Bxd2+ 7. Nbxd2 O-O 8. Qc2 d6 9. O-O Nbd7 10. Rfd1 Qe7 11. Rac1 e5 12. dxe5 dxe5 13. Nxe5 Bxg2 14. Nxd7 Nxd7 15. Kxg2 Qxe2 16. Re1 Qh5 17. Re7 Rad8 18. Nf3 Rfe8 19. Rce1 Rxe7 20. Rxe7 Qc5 21. Qe2 Kf8 22. Re4 Nf6 23. Re5 Qd6 24. h3 Re8 25. Rxe8+ Nxe8 26. Qe4 h6 27. a3 a5 28. Nd4 Qe7 29. Qc6 Qd6 30. Qe4 Qe7 31. Qd5 Qd6 32. Qe4 Qe7 33. Qf3 Qe5 34. Qd3 Qd6 35. Qe4 Qe7 36. Qd5 Qd6 37. Qe4 Qe7 38. Qd5 1/2-1/2

[Event "Memorial Ukrainian Chess Warriors 2024"]
[Site "Lviv"]
[Date "2024.03.15"]
[Round "5.16"]
[White "Hychkevych, Vitaliy"]
[Black "Domanskiy, Mykola"]
[Result "0-1"]
[ECO "E20"]
[WhiteElo "1550"]
[BlackElo "2046"]
[Annotator "RC"]
[PlyCount "82"]
[EventDate "2024.03.06"]
[EventType "swiss"]
[EventCountry "UKR"]
[SourceTitle "playchess.com"]
[Source "ChessBase"]
[SourceQuality "1"]
[TimeControl "600+5"]

1. d4 Nf6 2. c4 e6 3. Nc3 Bb4 4. Bd2 O-O 5. e3 d5 6. cxd5 exd5 7. Bd3 b6 8. Nge2 Bb7 9. O-O Nbd7 10. Rc1 a6 11. a3 Bd6 12. h3 Re8 13. Bb1 c5 14. f4 Ne4 15. Nxe4 dxe4 16. Bc3 Nf6 17. Ng3 Nd5 18. Re1 Nxc3 19. bxc3 cxd4 20. cxd4 Bxa3 21. Rc2 Bf8 22. Qg4 a5 23. f5 Kh8 24. Rf2 Be7 25. f6 Bxf6 26. Nh5 Rg8 27. Ref1 a4 28. Nxf6 gxf6 29. Qh5 Qd5 30. Rf5 Qb3 31. Rxf6 Qxe3+ 32. Kh1 Ra5 33. Qh4 Qg5 34. Qxg5 Raxg5 35. Rxf7 Bd5 36. R7f5 e3 37. Rxd5 Rxd5 38. Ba2 Rxd4 39. Bxg8 Kxg8 40. Re1 Rd3 41. g4 a3 0-1

[Event "Memorial Ukrainian Chess Warriors 2024"]
[Site "Lviv"]
[Date "2024.03.15"]
[Round "5.17"]
[White "Hrabinska, Myroslava"]
[Black "Toroptseva, Yevheniia"]
[Result "1-0"]
[ECO "B20"]
[WhiteElo "2177"]
[BlackElo "1923"]
[Annotator "RC"]
[PlyCount "73"]
[EventDate "2024.03.06"]
[EventType "swiss"]
[EventCountry "UKR"]
[SourceTitle "playchess.com"]
[Source "ChessBase"]
[SourceQuality "1"]
[TimeControl "600+5"]

1. e4 c5 2. b4 cxb4 3. a3 d5 4. exd5 Qxd5 5. Nf3 e5 6. Bb2 Nc6 7. c4 Qe6 8. Bd3 bxa3 9. Nxa3 Bxa3 10. Bxa3 e4 11. Ng5 Qe5 12. Nxe4 f5 13. O-O fxe4 14. Bxe4 Qxe4 15. Re1 Qe6 16. d4 Nce7 17. Rxe6 Bxe6 18. d5 O-O-O 19. Qa4 Nxd5 20. cxd5 Bxd5 21. Qxa7 Bc6 22. Qa8+ Kc7 23. Qa5+ Kc8 24. Qf5+ Kb8 25. Qe5+ Kc8 26. Qxg7 Nh6 27. Qxh6 Rhg8 28. g3 Rg6 29. Qf4 Re6 30. Bc5 b5 31. Bb6 Rd7 32. Qf8+ Kb7 33. Be3 Kc7 34. h4 b4 35. Qxb4 Red6 36. Bf4 Kd8 37. Bxd6 1-0

[Event "Memorial Ukrainian Chess Warriors 2024"]
[Site "Lviv"]
[Date "2024.03.15"]
[Round "5.18"]
[White "Shykyravyi, Denys"]
[Black "Medvedyk, Vasyl"]
[Result "1-0"]
[ECO "E92"]
[WhiteElo "1805"]
[BlackElo "1957"]
[Annotator "RC"]
[PlyCount "150"]
[EventDate "2024.03.06"]
[EventType "swiss"]
[EventCountry "UKR"]
[SourceTitle "playchess.com"]
[Source "ChessBase"]
[SourceQuality "1"]
[TimeControl "600+5"]

1. d4 Nf6 2. c4 g6 3. Nc3 Bg7 4. e4 d6 5. Nf3 O-O 6. Be2 e5 7. d5 a5 8. O-O Na6 9. a3 Nc5 10. Qc2 Bd7 11. Be3 Ng4 12. Bg5 f6 13. Bd2 f5 14. b4 Nxe4 15. Nxe4 fxe4 16. Ne1 axb4 17. Bxb4 Qh4 18. Bxg4 Qxg4 19. c5 Bb5 20. cxd6 Bxf1 21. dxc7 Bd3 22. Qb3 Rf7 23. d6 Bb5 24. Rc1 Rc8 25. Nc2 Bh6 26. Ne3 Bxe3 27. Qxe3 Qe2 28. Qxe2 Bxe2 29. Bc5 Bb5 30. Rb1 Bc6 31. a4 Kg7 32. a5 Kf6 33. Rb6 Ke6 34. a6 bxa6 35. Rxc6 Kd5 36. Rb6 Kxc5 37. Rb8 Kxd6 38. Rxc8 Rxc7 39. Rd8+ Ke6 40. g3 Ra7 41. Re8+ Kd5 42. Rd8+ Kc4 43. Re8 Kd4 44. Rd8+ Kc4 45. Re8 Kd5 46. Rd8+ Ke6 47. Re8+ Kf6 48. Rf8+ Kg5 49. h4+ Kg4 50. Re8 a5 51. Rxe5 Kf3 52. Rc5 a4 53. Rc3+ Ke2 54. Ra3 Kd2 55. Kf1 Kc2 56. Ke2 Kb2 57. Re3 Re7 58. Kd2 Rd7+ 59. Ke2 Rd4 60. f3 exf3+ 61. Kxf3 a3 62. Re2+ Kb3 63. Re3+ Kb2 64. Re2+ Kc3 65. Ke3 Rd3+ 66. Kf4 Rd2 67. Re3+ Kb2 68. Kg5 a2 69. Re1 a1=Q 70. Rxa1 Kxa1 71. Kh6 Rd7 72. g4 Kb2 73. g5 Kc3 74. h5 gxh5 75. Kxh5 Kd4 1-0

[Event "Memorial Ukrainian Chess Warriors 2024"]
[Site "Lviv"]
[Date "2024.03.15"]
[Round "5.19"]
[White "Baziuk, Vladyslav"]
[Black "Kuzyk, Yuriy"]
[Result "1-0"]
[ECO "B42"]
[WhiteElo "2211"]
[BlackElo "1946"]
[Annotator "RC"]
[PlyCount "141"]
[EventDate "2024.03.06"]
[EventType "swiss"]
[EventCountry "UKR"]
[SourceTitle "playchess.com"]
[Source "ChessBase"]
[SourceQuality "1"]
[TimeControl "600+5"]

1. e4 c5 2. Nf3 e6 3. d4 cxd4 4. Nxd4 a6 5. Bd3 Nc6 6. Be3 Nf6 7. c4 Bb4+ 8. Nc3 Ne5 9. O-O Nfg4 10. Bf4 Nxd3 11. Qxd3 Bxc3 12. Qxc3 e5 13. Nf5 d6 14. Nxg7+ Kf8 15. Nh5 Qh4 16. f3 Qxh5 17. fxg4 Bxg4 18. Bg3 Be6 19. c5 Rc8 20. Qd2 dxc5 21. Qd6+ Ke8 22. Bxe5 Rd8 23. Qxc5 Rc8 24. Qd4 Rg8 25. Bg3 Qc5 26. Rad1 Qxd4+ 27. Rxd4 Bxa2 28. Rd2 Be6 29. Bh4 f6 30. Bxf6 Rg6 31. Be5 b5 32. Bd6 Kd7 33. b4 Rc4 34. Bc5+ Kc7 35. e5 Re4 36. Rf6 Bc4 37. Rxg6 hxg6 38. Kf2 g5 39. Bd6+ Kc6 40. Kf3 Re1 41. Kg4 Be6+ 42. Kxg5 Rf1 43. g4 Rg1 44. Rd4 Bd5 45. h4 Be6 46. h5 Rh1 47. Kg6 Rh4 48. Kg5 Rh1 49. h6 Bf7 50. Rf4 Be6 51. Kg6 Bg8 52. Kg7 Bd5 53. h7 Be6 54. h8=Q Rxh8 55. Kxh8 Kd5 56. g5 Kc6 57. g6 Kb6 58. g7 a5 59. bxa5+ Kxa5 60. g8=Q Bxg8 61. Kxg8 Kb6 62. e6 Kc6 63. e7 Kd7 64. Rf8 Kxd6 65. e8=Q b4 66. Qe4 Kc5 67. Rf5+ Kd6 68. Qd5+ Kc7 69. Rf7+ Kb6 70. Rb7+ Ka6 71. Qb5# 1-0

[Event "Memorial Ukrainian Chess Warriors 2024"]
[Site "Lviv"]
[Date "2024.03.15"]
[Round "5.20"]
[White "Stolbov, Mikhail G."]
[Black "Tretiak, Igor"]
[Result "1-0"]
[ECO "D03"]
[WhiteElo "2205"]
[BlackElo "1561"]
[Annotator "RC"]
[PlyCount "67"]
[EventDate "2024.03.06"]
[EventType "swiss"]
[EventCountry "UKR"]
[SourceTitle "playchess.com"]
[Source "ChessBase"]
[SourceQuality "1"]
[TimeControl "600+5"]

1. d4 d5 2. Nf3 Nf6 3. Bg5 e6 4. e3 Be7 5. Bd3 Nbd7 6. Nbd2 c5 7. c3 h6 8. Bf4 O-O 9. g4 g5 10. Be5 Nxg4 11. h4 Ngxe5 12. Nxe5 Nxe5 13. dxe5 d4 14. exd4 cxd4 15. c4 Qa5 16. Qe2 Bb4 17. O-O-O Qxa2 18. hxg5 Bc3 19. Nb1 Bxb2+ 20. Qxb2 Qxb2+ 21. Kxb2 hxg5 22. Rdg1 f6 23. exf6 Rxf6 24. Rxg5+ Kf8 25. Rh8+ Ke7 26. Rg7+ Kd6 27. Rd8+ Kc6 28. f3 Kb6 29. Nd2 a5 30. c5+ Ka7 31. Rgg8 b6 32. Rg7+ Kb8 33. c6 e5 34. Rb7# 1-0

[Event "Memorial Ukrainian Chess Warriors 2024"]
[Site "Lviv"]
[Date "2024.03.15"]
[Round "5.21"]
[White "Marchyshyn, Vasyl"]
[Black "Piuro, Vladyslav"]
[Result "1-0"]
[ECO "B53"]
[WhiteElo "1753"]
[BlackElo "2051"]
[Annotator "RC"]
[PlyCount "91"]
[EventDate "2024.03.06"]
[EventType "swiss"]
[EventCountry "UKR"]
[SourceTitle "playchess.com"]
[Source "ChessBase"]
[SourceQuality "1"]
[TimeControl "600+5"]

1. e4 c5 2. Nf3 d6 3. d4 cxd4 4. Qxd4 e5 5. Qd1 a6 6. Nc3 Nf6 7. Bg5 Be7 8. Bc4 Be6 9. Qe2 Qc7 10. Bb3 O-O 11. O-O Nbd7 12. Rfd1 b5 13. Bxf6 Bxf6 14. Qd2 Be7 15. Ng5 Nc5 16. Nd5 Bxd5 17. Bxd5 Rad8 18. Rac1 Bxg5 19. Qxg5 Ne6 20. Qg4 Nf4 21. g3 Nxd5 22. Rxd5 Qc6 23. Rcd1 Qxc2 24. Rxd6 Rxd6 25. Rxd6 Qb1+ 26. Qd1 Qxb2 27. Rxa6 h6 28. Qd5 Kh8 29. Rb6 f5 30. Qxb5 Qc1+ 31. Kg2 Qc7 32. Rb7 Qc2 33. Qxe5 Rg8 34. Qxf5 Qxa2 35. Qe5 Qa8 36. Rb6 Kh7 37. Qf5+ Kh8 38. Qd5 Qe8 39. e5 Qh5 40. Rd6 Qg5 41. e6 Qe7 42. Rd7 Qe8 43. e7 Qg6 44. Rd8 Re8 45. Rxe8+ Qxe8 46. Qd8 1-0

[Event "Memorial Ukrainian Chess Warriors 2024"]
[Site "Lviv"]
[Date "2024.03.15"]
[Round "5.22"]
[White "Fishchuk, Vladyslav"]
[Black "Pivnev, Vladyslav"]
[Result "1-0"]
[ECO "A00"]
[WhiteElo "2203"]
[BlackElo "1597"]
[Annotator "RC"]
[PlyCount "101"]
[EventDate "2024.03.06"]
[EventType "swiss"]
[EventCountry "UKR"]
[SourceTitle "playchess.com"]
[Source "ChessBase"]
[SourceQuality "1"]
[TimeControl "600+5"]

1. Nc3 Nf6 2. e4 c6 3. e5 Nd5 4. Nf3 d6 5. Bc4 Be6 6. Ne4 Nd7 7. Neg5 Nf4 8. Nxe6 Nxe6 9. Bxe6 fxe6 10. O-O Qa5 11. Re1 O-O-O 12. exd6 exd6 13. Rxe6 Qf5 14. Re1 d5 15. d4 Bd6 16. Qd3 Qh5 17. Bd2 Rdf8 18. h3 Nf6 19. Ng5 Qh4 20. Ne6 Ne4 21. g3 Qxh3 22. Nxf8 Rxf8 23. Rxe4 dxe4 24. Qxe4 Kc7 25. Re1 h5 26. Bg5 Rf7 27. Qe6 Qxe6 28. Rxe6 Kd7 29. Re2 g6 30. Kg2 c5 31. dxc5 Bxc5 32. Be3 Bxe3 33. Rxe3 Rf6 34. Rd3+ Kc7 35. b3 Rc6 36. c4 Ra6 37. a4 Rf6 38. a5 b6 39. a6 Kc6 40. Rd5 Kc7 41. b4 Kc6 42. b5+ Kc7 43. Kf1 Rd6 44. Rg5 Re6 45. f4 Kd6 46. Rd5+ Kc7 47. Kf2 Rd6 48. Rxd6 Kxd6 49. Ke3 Kc5 50. Kd3 Kb4 51. Kd4 1-0

[Event "Memorial Ukrainian Chess Warriors 2024"]
[Site "Lviv"]
[Date "2024.03.15"]
[Round "5.25"]
[White "Dementyev, Roman L."]
[Black "Andrienko, Artem"]
[Result "0-1"]
[ECO "A04"]
[WhiteElo "1591"]
[BlackElo "2041"]
[Annotator "RC"]
[PlyCount "118"]
[EventDate "2024.03.06"]
[EventType "swiss"]
[EventCountry "UKR"]
[SourceTitle "playchess.com"]
[Source "ChessBase"]
[SourceQuality "1"]
[TimeControl "600+5"]

1. Nf3 c5 2. b3 Nf6 3. Bb2 g6 4. e3 Bg7 5. d4 cxd4 6. exd4 O-O 7. Bd3 Na6 8. O-O Nb4 9. Be2 d5 10. c4 Bf5 11. Nc3 Rc8 12. a3 Nc6 13. Bd3 Bxd3 14. Qxd3 Na5 15. Nxd5 Nxd5 16. cxd5 Qxd5 17. b4 Nc4 18. Bc3 Rfd8 19. Rfd1 e6 20. h3 h6 21. Kh1 b5 22. a4 a6 23. axb5 axb5 24. Ra7 Ra8 25. Rda1 Rxa7 26. Rxa7 Ra8 27. Rxa8+ Qxa8 28. Nd2 Nd6 29. Nb3 Qd5 30. Nc5 Qc4 31. Qd2 Nf5 32. Ne4 Bxd4 33. Nf6+ Kg7 34. Bxd4 Qxd4 35. Qxd4 Nxd4 36. Ne8+ Kf8 37. Nd6 Ke7 38. Ne4 f5 39. Nc5 Kd6 40. Kg1 Nc2 41. Nd3 e5 42. Kf1 e4 43. Nf4 g5 44. Ne2 Nxb4 45. Nd4 Kc5 46. Nxf5 Nd5 47. Ng3 Kd4 48. f3 exf3 49. gxf3 b4 50. Ne2+ Kd3 51. Kf2 Nc3 52. h4 Nxe2 53. hxg5 hxg5 54. f4 Nxf4 55. Kg3 b3 56. Kg4 b2 57. Kg3 b1=Q 58. Kh2 Qc2+ 59. Kg3 Qg2# 0-1

[Event "Memorial Ukrainian Chess Warriors 2024"]
[Site "Lviv"]
[Date "2024.03.15"]
[Round "5.26"]
[White "Hnatyshyn, Anastasiya"]
[Black "Kruchak, Lesia"]
[Result "1-0"]
[ECO "B42"]
[WhiteElo "2017"]
[BlackElo "1843"]
[Annotator "RC"]
[PlyCount "73"]
[EventDate "2024.03.06"]
[EventType "swiss"]
[EventCountry "UKR"]
[SourceTitle "playchess.com"]
[Source "ChessBase"]
[SourceQuality "1"]
[TimeControl "600+5"]

1. e4 c5 2. Nf3 e6 3. d4 cxd4 4. Nxd4 a6 5. Bd3 Qc7 6. Be3 Nf6 7. O-O Be7 8. Nd2 b5 9. f4 d6 10. Qe2 O-O 11. Rac1 Bb7 12. c4 b4 13. Bb1 Nbd7 14. Kh1 Nc5 15. Bg1 Rac8 16. Rf3 g6 17. Rh3 e5 18. N4f3 Ne6 19. g3 exf4 20. Nb3 Qc6 21. Na5 Qc7 22. Nxb7 Qxb7 23. b3 Rfd8 24. Re1 Bf8 25. Qd2 fxg3 26. hxg3 Bg7 27. Kg2 Ng4 28. Rf1 Bc3 29. Qd1 Nc5 30. Ng5 Nf6 31. Bd4 Ncxe4 32. Bxe4 Nxe4 33. Rxf7 Nf2+ 34. Rxb7 Nxd1 35. Rg7+ Kf8 36. Ne6+ Ke8 37. Rhxh7 1-0

[Event "Memorial Ukrainian Chess Warriors 2024"]
[Site "Lviv"]
[Date "2024.03.15"]
[Round "5.27"]
[White "Shevchenko, Yaroslav"]
[Black "Katsan, Danylo"]
[Result "1-0"]
[ECO "E67"]
[WhiteElo "1971"]
[BlackElo "1815"]
[Annotator "RC"]
[PlyCount "76"]
[EventDate "2024.03.06"]
[EventType "swiss"]
[EventCountry "UKR"]
[SourceTitle "playchess.com"]
[Source "ChessBase"]
[SourceQuality "1"]
[TimeControl "600+5"]

1. d4 Nf6 2. c4 g6 3. g3 Bg7 4. Bg2 O-O 5. Nc3 d6 6. Nf3 Nbd7 7. O-O c5 8. d5 Rb8 9. a4 Re8 10. h3 Nb6 11. Qd3 e6 12. Nd2 exd5 13. cxd5 Nbd7 14. Nc4 Ne5 15. Nxe5 Rxe5 16. e4 a6 17. Re1 Re8 18. Bf4 Nh5 19. Bd2 Qf6 20. Nd1 Qd4 21. Qc2 Qe5 22. Bc3 Qe7 23. Ne3 b5 24. axb5 axb5 25. b4 c4 26. Ra5 Bxc3 27. Qxc3 Qe5 28. Qxe5 Rxe5 29. Nc2 Nf6 30. Nd4 Bd7 31. f4 Re7 32. Ra7 Nxd5 33. Rb1 Nc3 34. Rc1 Nxe4 35. Rxd7 Rxd7 36. Bf3 Rb6 37. Ra1 Rc7 38. Be2 Kg7 1-0

[Event "Memorial Ukrainian Chess Warriors 2024"]
[Site "Lviv"]
[Date "2024.03.15"]
[Round "6.1"]
[White "Kislinsky, Alexey"]
[Black "Mosesov, Danyil"]
[Result "1/2-1/2"]
[ECO "B02"]
[WhiteElo "2361"]
[BlackElo "2453"]
[Annotator "ChessBase"]
[PlyCount "86"]
[EventDate "2024.03.06"]
[EventType "swiss"]
[EventCountry "UKR"]
[SourceTitle "playchess.com"]
[Source "ChessBase"]
[SourceQuality "1"]
[TimeControl "600+5"]

1. e4 Nf6 2. e5 Nd5 3. c4 Nb6 4. c5 Nd5 5. Nc3 e6 6. Bc4 Nxc3 7. dxc3 b6 8. cxb6 axb6 9. Qg4 Ba6 10. Bg5 Qc8 11. Nf3 d5 12. exd6 cxd6 13. Bxa6 Qxa6 14. c4 h6 15. Bd2 Nd7 16. Bc3 Rc8 17. b3 b5 18. O-O bxc4 19. Rfe1 Nf6 20. Bxf6 gxf6 21. Nd4 Be7 22. Qg7 Rf8 23. Qxh6 Kd7 24. bxc4 Qxc4 25. Rad1 Rg8 26. Qe3 Rg4 27. h3 Rg5 28. Rc1 Qd5 29. Nf3 Rxc1 30. Rxc1 Rg8 31. Qa7+ Ke8 32. Rc8+ Bd8 33. Rxd8+ Kxd8 34. Qb8+ Ke7 35. Qxg8 Qxa2 36. h4 d5 37. h5 Qb1+ 38. Kh2 Qf5 39. Qh8 d4 40. Qh6 e5 41. Kg1 Qb1+ 42. Kh2 Qf5 43. Kg1 Qb1+ 1/2-1/2

[Event "Memorial Ukrainian Chess Warriors 2024"]
[Site "Lviv"]
[Date "2024.03.15"]
[Round "6.2"]
[White "Dehtiarov, Roman"]
[Black "Dubnevych, Maksym"]
[Result "0-1"]
[ECO "C70"]
[WhiteElo "2319"]
[BlackElo "2293"]
[Annotator "TA"]
[PlyCount "130"]
[EventDate "2024.03.06"]
[EventType "swiss"]
[EventCountry "UKR"]
[SourceTitle "playchess.com"]
[Source "ChessBase"]
[SourceQuality "1"]
[TimeControl "600+5"]

1. e4 e5 2. Nf3 Nc6 3. Bb5 a6 4. Ba4 Nge7 5. c3 Ng6 6. O-O (6. d4 $5) 6... d5 7. exd5 Qxd5 8. Re1 {[%cal Of3e5] White has an edge.} Bg4 9. Bb3 (9. Nxe5 {is interesting.} Bxd1 10. Nxc6+ Qe6 11. Rxe6+ fxe6 12. Bxd1 bxc6 13. d4) 9... Qd7 10. h3 $1 Be6 11. Bxe6 Qxe6 12. Ng5 (12. d4 $11 O-O-O 13. Nbd2) 12... Qd7 $17 13. d4 h6 14. d5 hxg5 15. dxc6 Qxc6 (15... Qxd1 16. Rxd1 Be7 17. cxb7 $18) 16. Bxg5 f6 17. Be3 Nh4 $40 {[%mdl 128] White needs to defend precisely.} 18. Qg4 ({White has to play} 18. f3 $1 $15) 18... f5 $19 19. Qg3 Bd6 $2 (19... O-O-O $19 {...f4 would now be deadly.} 20. Nd2 f4 21. Qg4+ Kb8) 20. Bg5 $17 e4 21. Qe3 Ng6 {Black is more active.} 22. Nd2 {[%cal Rd2e4] [#]} O-O $1 23. h4 (23. Qd4 $142) 23... Rae8 24. h5 (24. Qd4 $17) 24... Ne5 $19 25. h6 Ng4 26. Qh3 gxh6 27. Bh4 Bf4 28. Nf1 Qg6 29. Rad1 Rf7 30. Re2 Ne5 31. Kh1 $2 (31. Bg3 Qg5 32. Bxf4 Qxf4 33. Qg3+ Qg5 34. Qxg5+ hxg5 35. Ng3) 31... Rg7 (31... Bg5 $142 {And now ...Qh5 would win.} 32. Bg3 f4) 32. Ne3 (32. Bg3 {was forced.} Bxg3 33. Nxg3) 32... Bxe3 33. Rxe3 {White is weak on the light squares} Qh5 34. Ree1 Rg4 (34... Rf8 $19 {is more deadly. White must now prevent ...Nd3.} 35. Rd2 Nd3) 35. g3 $2 (35. Bf6 $17 Qg6 36. Bxe5 Rxe5 37. Rd8+ Kf7 38. Rh8) 35... Nf3 36. Rg1 Kf7 37. Rd7+ Ke6 38. Rxc7 Nxh4 (38... Rxh4 $142 39. gxh4 Nxg1) 39. gxh4 Rxh4 40. Rg6+ Ke5 $4 (40... Kd5 $19 41. Qxh4 Qxh4+ 42. Kg1 f4 43. Rd7+ Ke5) 41. Rc5+ $18 Kf4 {[#]} 42. Rxf5+ $3 Qxf5 43. Qxh4+ {[%mdl 4096] Endgame. KQR-KQR} Ke5 44. Qg3+ $2 ({Don't take} 44. Rxh6 $6 Qf3+ 45. Kh2 Qf4+ 46. Qxf4+ Kxf4) ({White should try} 44. Qxh6 $18 {Intending Qh2+ and mate.} Re6 45. Rxe6+ Qxe6 46. Qxe6+ Kxe6 47. Kg1) 44... Qf4 $11 45. Qxf4+ ({But not} 45. Rxh6 Qxg3 46. fxg3 e3 $15) 45... Kxf4 46. Rxh6 {KR-KR} Kf3 47. Kg1 Rd8 {Hoping for ...Rd1+.} 48. Rf6+ Ke2 49. Re6 $2 (49. Rf4 $11 Rg8+ 50. Kh2) 49... Rg8+ $19 50. Kh2 Kxf2 {( -> ...Rh8+)} 51. Rf6+ Ke2 52. Rf7 b5 53. Rf6 a5 54. Rf5 b4 {aiming for ...bxc3.} 55. Rxa5 bxc3 {Black mates.} 56. bxc3 Kd3 57. Re5 e3 (57... Kxc3 58. Rxe4 Kb2 59. Ra4 $11) 58. c4 e2 (58... Kxc4 59. Rxe3 Kb5 60. Re4 $11) 59. c5 Rg4 60. c6 Rc4 61. Kg2 Rxc6 62. Re8 Rg6+ 63. Kf2 Rf6+ 64. Kg2 Rf1 65. Rd8+ Kc4 {What a fight!   Weighted Error Value: White=0.94/Black=0.37.  Loses game:     	White=3     	---        Missed win:     	---       	Black=1      Mistake:       	White=5     	Black=2      Inaccurate:     	White=1     	Black=1      OK:         	White=10    	Black=14     Best:        	White=3     	Black=4      Strong:       	White=1     	Black=1} 0-1

[Event "Memorial Ukrainian Chess Warriors 2024"]
[Site "Lviv"]
[Date "2024.03.15"]
[Round "6.3"]
[White "Mikhaletz, Lubomir"]
[Black "Pavlov, Sergey"]
[Result "0-1"]
[ECO "D02"]
[WhiteElo "2278"]
[BlackElo "2451"]
[Annotator "ChessBase"]
[PlyCount "124"]
[EventDate "2024.03.06"]
[EventType "swiss"]
[EventCountry "UKR"]
[SourceTitle "playchess.com"]
[Source "ChessBase"]
[SourceQuality "1"]
[TimeControl "600+5"]

1. d4 d5 2. Nf3 Nf6 3. g3 Bf5 4. Bg2 e6 5. c4 c6 6. Qb3 Qb6 7. c5 Qa6 8. Nc3 Nbd7 9. Nh4 Bg4 10. h3 Bh5 11. g4 Bg6 12. Nxg6 hxg6 13. g5 Ng8 14. e4 O-O-O 15. exd5 exd5 16. Nxd5 cxd5 17. Bxd5 Ne7 18. Bxf7 Nf5 19. Be3 Qa5+ 20. Qc3 Qxc3+ 21. bxc3 Nxe3 22. fxe3 Be7 23. Bxg6 Bxg5 24. Ke2 Nf6 25. Rhg1 Bh6 26. e4 Kc7 27. Kd3 Rhf8 28. Raf1 Nd7 29. Kc4 b6 30. cxb6+ axb6 31. Rf5 Rxf5 32. Bxf5 Ra8 33. Kb3 b5 34. Rg6 Nb6 35. Be6 Rf8 36. Bf5 Ra8 37. e5 Nc4 38. Kb4 Rxa2 39. Kxb5 Ne3 40. Rc6+ Kb8 41. Be6 Rb2+ 42. Kc5 g5 43. Rb6+ Rxb6 44. Kxb6 Bf8 45. c4 Bb4 46. c5 Bc3 47. c6 Bxd4+ 48. Kb5 Bxe5 49. Kb6 Bd4+ 50. Kb5 Kc7 51. Bd7 Kd6 52. Bc8 Nd5 53. Kc4 Bf2 54. Kd3 Kxc6 55. Ke4 Kd6 56. Bb7 Nf4 57. Kf5 Bh4 58. Kg4 Ke5 59. Ba8 Kd4 60. Bb7 Ke3 61. Ba6 Kf2 62. Bc8 Kg2 0-1